 Dungeon Crawl Stone Soup version 0.30-a0-618-gd6c86c23d0 (webtiles) character file.

Game seed: 7798649756633565578

138 tilp the Shield-Bearer (level 5, 0/69 HPs)
             Began as a Meteoran Fighter on Jan 9, 2023.
             Succumbed to a water moccasin's poison
             ... on level 4 of the Dungeon.
             The game lasted 00:03:34 (771 turns).

tilp the Shield-Bearer (Meteoran Fighter)            Turns: 771, Time: 00:03:34

Health: 0/69       AC:  8    Str: 18    XL:     5   Next: 74%
Magic:  6/6        EV: 10    Int:  9    God:
Gold:   61         SH:  5    Dex: 15    Spells: 4/4 levels left

rFire   . . .      SeeInvis .    a - +0 long sword
rCold   . . .      Faith    .    c - +0 buckler
rNeg    . . .      Spirit   .    p - +0 scale mail
rPois   +          Reflect  .    m - +0 helmet
rElec   .          Harm     .    (no cloak)
rCorr   .          Rampage  .    (no gloves)
Will    .....                    (no boots) Stlth
                                 (no amulet)
HPRegen 0.31/turn                h - ring of poison resistance
MPRegen 0.10/turn                (no ring)

@: berserking, lethally poisoned (0 -> -3), glowing, very quick
A: sense surroundings 1, otherworldly, glowing, explore regen
a: no special abilities


You were on level 4 of the Dungeon.
You visited 1 branch of the dungeon, and saw 5 of its levels.

You collected 61 gold pieces.

Inventory:

Hand Weapons
 a - a +0 long sword (weapon)
 b - a +2 dagger of speed
Missiles
 e - 14 stones (quivered)
Armour
 c - a +0 buckler (worn)
 g - a +0 plate armour
 k - a +0 ring mail of willpower
 m - a +0 helmet (worn)
 p - a +0 scale mail (worn)
Jewellery
 h - a ring of poison resistance (left hand)
Wands
 r - a wand of polymorph (7)
Scrolls
 l - a scroll of identify {unknown}
 n - a scroll of teleportation {unknown}
 o - a scroll of summoning {unknown}
 q - a scroll of poison {unknown}
 s - a scroll of immolation {unknown}
 t - a scroll of fog {unknown}
 u - a scroll of enchant weapon {unknown}
Potions
 d - a potion of attraction {unknown}
 f - a potion of berserk rage
 i - a potion of lignification {unknown}
 j - a potion of haste {unknown}


   Skills:
 + Level 3.9 Fighting
 - Level 4.0 Long Blades
 + Level 0.2 Throwing
 - Level 4.0 Armour
 * Level 2.2 Dodging
 + Level 1.3 Stealth
 - Level 4.0 Shields
 + Level 0.3 Evocations


You had 4 spell levels left.
You didn't know any spells.
Your spell library was empty.

Dungeon Overview and Level Annotations

Branches:
Dungeon (5/15) Zot: 2200
 Temple: D:4-7

Altars:
Hepliaklqana


Innate Abilities, Weirdness & Mutations

You passively map a small area around you.
You are easily found by Zot.
You glow in the dark.
You regain HP and MP as you explore.


Message History

You block the water moccasin's attack.
You closely miss the water moccasin. The water moccasin bites you.
You hit the water moccasin.
The water moccasin is lightly wounded.
The water moccasin completely misses you.
The water moccasin bites you.
You hit the water moccasin.
The water moccasin is moderately wounded.
The water moccasin bites you.
The water moccasin bites you but does no damage.
You closely miss the water moccasin.
The water moccasin is moderately wounded.
The water moccasin bites you.
You are poisoned.
The water moccasin poisons you! The water moccasin bites you.
* * * LOW HITPOINT WARNING * * *
You hit the water moccasin.
The water moccasin is heavily wounded.
You feel very sick. You block the water moccasin's attack.
Unknown command.
It was a potion of berserk rage.
A red film seems to cover your vision as you go berserk!
You feel yourself moving faster!
You feel mighty!
You feel sick. The water moccasin bites you!
* * * LOW HITPOINT WARNING * * *
The water moccasin bites you but does no damage.
Unknown command.
You miss the water moccasin.
The water moccasin is heavily wounded.
You feel sick. The water moccasin bites you.
* * * LOW HITPOINT WARNING * * *
You slash the water moccasin!
The water moccasin is severely wounded.
* * * LOW HITPOINT WARNING * * *
You feel sick.
The water moccasin bites you but does no damage.
You slash the water moccasin!
You kill the water moccasin!
You die...

### #### #.. ,
..# * * #.# **#.#
#.#####.### ,, ##
* #@##......# ,
.. *#†##.##.#.# *
#.##.##.##.#.#
#..>.......#.#
*############.###
#...# , , * *
###.# ,
,#######.# * * ,
,#.......#


There were no monsters in sight!

Vanquished Creatures
  A water moccasin (D:4)
  Jessica (D:2)
  Terence (D:2)
  4 adders
  A white imp (D:4)
  A worm (D:2)
  A dart slug (D:1)
  4 ball pythons (D:2)
  2 endoplasms (D:2)
  A giant cockroach (D:2)
  5 goblins
  A hobgoblin (D:1)
  3 jackals (D:2)
  A quokka (D:1)
  2 bats (D:1)
  A frilled lizard (D:1)
  9 kobolds
  3 rats
42 creatures vanquished.

Vanquished Creatures (others)
  2 orcs (D:3)
2 creatures vanquished.

Grand Total: 44 creatures vanquished

Notes
Turn   | Place    | Note
-------+----------+-------------------------------------------
     0 | D:1      | tilp the Meteoran Fighter began the quest for the Orb.
     0 | D:1      | Reached XP level 1. HP: 19/19 MP: 2/2
   124 | D:1      | Reached XP level 2. HP: 23/26 MP: 3/3
   245 | D:1      | Reached XP level 3. HP: 28/31 MP: 4/4
   372 | D:2      | Reached skill level 1 in Dodging
   459 | D:2      | Noticed Jessica
   464 | D:2      | Killed Jessica
   465 | D:2      | Reached skill level 1 in Stealth
   465 | D:2      | Reached XP level 4. HP: 37/39 MP: 5/5
   508 | D:2      | Noticed Terence
   515 | D:2      | Killed Terence
   516 | D:2      | Reached XP level 5. HP: 46/46 MP: 6/6
   663 | D:3      | Found a hazy altar of Hepliaklqana.
   743 | D:5      | Entered Level 5 of the Dungeon
   745 | D:5      | Noticed a water moccasin
   769 | D:4      | HP: 2/69 [water moccasin (5)]
   771 | D:4      | Killed a water moccasin
   771 | D:4      | Succumbed to a water moccasin's poison

Illustrated notes

Levels and vault maps discovered:
D:1:      heliophobic_arrival_dark_side_of_the_moon, layout_loops_ring
D:2:      layout_basic, kennysheep_minor_cross, uniq_jessica, uniq_terence,
          uniq_natasha
D:3:      cheibrodos_thug_alley, layout_basic, grunt_temple_overflow_holy_war,
          mainiacjoe_overflow_paths, mainiacjoe_overflow_brackets
D:4:      layout_loops_cross
D:5:      layout_cave_pools, bloody_makhleb, gammafunk_ghost_nasty_kobolds,
          corexii_hall_statues_s

Skill      XL: |  1  2  3  4  5 |
---------------+----------------+-----
Long Blades    | 3 4 |  4.0
Dodging        | 1 2 |  2.2
Stealth        | 1 |  1.3
Shields        | 4 |  4.0
Armour         | 4 |  4.0
Fighting       | |  3.9
Throwing       | |  0.2
Evocations     | |  0.3

Action                   |  1- 3 |  4- 6 || total
-------------------------+-------+-------++-------
Melee: Long sword        |    43 |    66 ||   109
  Use: Potion            |       |     2 ||     2
Armor: Scale mail        |    26 |    33 ||    59
Dodge: Dodged            |    15 |    33 ||    48
Block: Buckler           |    10 |    18 ||    28

Table legend: (Time is in decaauts)
 A = Elapsed time spent in this place.
 B = Non-inter-level travel time spent in this place.
 C = Inter-level travel time spent in this place.
 D = Time resting spent in this place.
 E = Time spent auto-exploring this place.
 F = Levels seen in this place.
 G = Mean time per level.
                   A        B        C        D        E       F      G
               +--------+--------+--------+--------+--------+-----+--------+
         Total |    799 |    724 |     75 |      0 |      0 |   5 |  159.8 |
       Dungeon |    799 |    724 |     75 |      0 |      0 |   5 |  159.8 |
               +--------+--------+--------+--------+--------+-----+--------+

Top non-repeatable levels by time:
     D:2: 320 daAuts
     D:1: 308 daAuts
     D:3: 113 daAuts
     D:4: 45 daAuts
     D:5: 11 daAuts
